 Dungeon Crawl Stone Soup version 0.27-a0-1147-gb3d8e82157 (webtiles) character file.

Game seed: 8859906160993190063

3623 avis the Basher (level 10, 0/81 HPs)
             Began as a Hill Orc Monk on May 9, 2021.
             Slain by a hornet (8 damage)
             ... on level 8 of the Dungeon on May 12, 2021.
             The game lasted 00:43:32 (8191 turns).

avis the Basher (Hill Orc Monk)                     Turns: 8191, Time: 00:43:33

Health: 0/81       AC: 11    Str: 27    XL:     10   Next: 11%
Magic:  10/10      EV: 12    Int: 10    God:
Gold:   281        SH:  0    Dex: 13    Spells: 9/9 levels left

rFire    . . .     SeeInvis .   a - +6 war axe of Rumovvur {vorpal, rCorr Str+3}
rCold    . . .     Faith    .   (no shield)
rNeg     . . .     Spirit   .   M - +0 acid dragon scales
rPois    .         Reflect  .   E - +2 helmet
rElec    .         Harm     .   (no cloak)
rCorr    +         Rampage  .   (no gloves)
Will     .....                  y - +0 pair of boots
Stlth    +.........             (no amulet)
HPRegen  0.23/turn              v - +6 ring of strength
MPRegen  0.12/turn              f - ring of flight

@: lethally poisoned (0 -> -15), flying
A: no striking features
a: no special abilities


You were on level 8 of the Dungeon.
You visited 2 branches of the dungeon, and saw 9 of its levels.

You collected 468 gold pieces.
You spent 187 gold pieces at shops.

Inventory:

Hand Weapons
 a - the +6 war axe of Rumovvur (weapon) {vorpal, rCorr Str+3}
   (You found it on level 6 of the Dungeon)

   It inflicts extra damage upon your enemies.
   It affects your strength (+3).
   It protects you from acid and corrosion.
 j - a +3 dagger
 w - a +0 flail
 V - a +4 halberd of flaming
 W - a +2 antimagic war axe
Missiles
 b - 16 sling bullets
 g - 30 poisoned darts (quivered)
 i - 9 stones
 N - 4 throwing nets
 O - 4 curare-tipped darts
 T - 6 boomerangs
 X - 3 atropa-tipped darts
Armour
 y - a +0 pair of boots (worn)
 E - a +2 helmet (worn)
 M - +0 acid dragon scales (worn)
Jewellery
 f - a ring of flight (right hand)
 v - a +6 ring of strength (left hand)
Scrolls
 c - a scroll of immolation {unknown}
 h - a scroll of amnesia {unknown}
 k - 4 scrolls of fear
 u - a scroll of magic mapping {unknown}
 x - 4 scrolls of teleportation
 A - a scroll of fog {unknown}
 F - a scroll of enchant armour {unknown}
 G - a scroll of vulnerability {unknown}
Potions
 d - a potion of attraction
 e - a potion of might
 n - a potion of ambrosia
 p - a potion of berserk rage
 s - 4 potions of curing
 B - 3 potions of haste
 J - a potion of brilliance
 P - a potion of invisibility
 R - a potion of lignification


   Skills:
 - Level 5.0 Fighting
 + Level 9.6(12.3) Axes
 - Level 10.7(11.7) Maces & Flails
 - Level 5.0 Armour
 - Level 2.4 Dodging
 - Level 1.5 Stealth
 - Level 5.0 Evocations


You had 9 spell levels left.
You didn't know any spells.
Your spell library was empty.

Dungeon Overview and Level Annotations

Branches:
Dungeon (8/15)             Temple (1/1) D:5
   Lair: D:8-11

Altars:
Ashenzari
Dithmenos
Elyvilon
Fedhas
Hepliaklqana
Kikubaaqudgha
Nemelex Xobeh
Okawaru
Qazlal
Ru
Sif Muna
Trog
Uskayaw
Vehumet
Wu Jian
Xom
Yredelemnul
The Shining One

Shops:
D:3 !

Annotations:
D:2 Ring in glass case.
D:7 Glass refrigerator.


Message History

The hornet stings you but does no damage.
The hornet misses you.
You closely miss the hornet. The hornet barely misses you.
The hornet stings you!
You feel yourself slow down.
You slash the hornet!
The hornet is heavily wounded.
The hornet stings you!
You are poisoned.
You feel as though you will be slow longer.
The hornet closely misses you.
You slash the hornet!
The hornet is severely wounded.
You feel very sick.
The hornet stings you but does no damage.
The hornet stings you!
You are more poisoned.
You suddenly lose the ability to move!
You feel yourself speed up.
You feel very sick. The hornet stings you.
You feel yourself slow down.
You feel very sick. The hornet barely misses you. The hornet stings you!
* * * LOW HITPOINT WARNING * * *
You are lethally poisoned!
You shrug off the repeated paralysis!
You can move again.
You hit the hornet.
The hornet is almost dead.
You feel yourself speed up.
* * * LOW HITPOINT WARNING * * *
You feel very sick. The hornet stings you!
* * * LOW HITPOINT WARNING * * *
You shrug off the repeated paralysis!
The hornet misses you.
You closely miss the hornet.
The hornet is almost dead.
* * * LOW HITPOINT WARNING * * *
You feel very sick. The hornet stings you!
You die...

.##.#
#.......#
##########
###.#
###...###
..#.###
#...#
#.....#
###.#
#.....#
#.#
#.....#
###.####
#.....#
#......#
#.....#
#.#.##y#
..#####
#.#.##@#
### #
#.##.#
######
#.##.#
.....#
#y##.#
####.#
.....#
..####


You could see a hornet.

Vanquished Creatures
  Harold (D:7)
  Maggie (D:7)
  Eustachio (D:4)
  Duvessa (D:7)
  2 water moccasins
  An orc warrior (D:7)
  A sky beast (D:7)
  An ice beast (D:5)
  2 necrophages
  2 ogres (D:7)
  A centaur (D:6)
  3 kobold brigands
  A bullfrog (D:6)
  Dowan (D:7)
  A wyvern zombie (D:6)
  2 scorpions
  A water moccasin skeleton (D:5)
  4 howler monkeys (D:8)
  A centaur zombie (D:7)
  A hound (D:5)
  3 bullfrog skeletons
  A gnoll shaman (D:5)
  A jelly (D:7)
  5 centaur skeletons
  Terence (D:3)
  4 iguanas
  An orc wizard (D:6)
  2 killer bee zombies
  A hound zombie (D:4)
  Robin (D:3)
  4 gnolls (D:5)
  5 adders
  A shadow imp (D:6)
  A white imp (D:5)
  An adder skeleton (D:4)
  A worm (D:2)
  4 dart slugs
  20 orcs
  8 endoplasms
  2 giant cockroaches (D:1)
  19 goblins
  6 hobgoblins
  17 kobolds
  4 quokkas
  3 ball pythons
  5 bats
  2 frilled lizards
  4 rats
156 creatures vanquished.

Notes
Turn   | Place    | Note
-------+----------+-------------------------------------------
     0 | D:1      | avis the Hill Orc Monk began the quest for the Orb.
     0 | D:1      | Reached XP level 1. HP: 19/19 MP: 1/1
   261 | D:1      | Reached XP level 2. HP: 17/27 MP: 2/2
   616 | D:1      | Reached skill level 4 in Maces & Flails
   790 | D:1      | Found a faded altar of an unknown god.
   950 | D:1      | Reached XP level 3. HP: 33/33 MP: 3/3
  2102 | D:3      | Noticed Terence
  2116 | D:3      | Found Goc Maavirph's Distillery.
  2133 | D:3      | Bought a potion of degeneration for 11 gold pieces
  2133 | D:3      | Bought a potion of attraction for 33 gold pieces
  2133 | D:3      | Bought a potion of curing for 33 gold pieces
  2180 | D:3      | Reached XP level 4. HP: 31/41 MP: 4/4
  2257 | D:3      | Found a hide-covered altar of Uskayaw.
  2425 | D:3      | Killed Terence
  2426 | D:3      | Reached skill level 5 in Maces & Flails
  2545 | D:3      | Found a shimmering blue altar of Sif Muna.
  2661 | D:3      | Found a stormy altar of Qazlal.
  2782 | D:3      | Reached XP level 5. HP: 41/47 MP: 5/5
  2913 | D:3      | Bought a potion of lignification for 33 gold pieces
  3097 | D:4      | Noticed Robin
  3379 | D:3      | Killed Robin
  3427 | D:3      | Reached skill level 5 in Fighting
  3601 | D:4      | Reached skill level 6 in Maces & Flails
  3734 | D:4      | Noticed Eustachio
  3772 | D:4      | Killed Eustachio
  3773 | D:4      | Reached skill level 7 in Maces & Flails
  3773 | D:4      | Reached XP level 6. HP: 33/56 MP: 6/6
  4229 | D:3      | Bought a potion of brilliance for 44 gold pieces
  4229 | D:3      | Bought a potion of flight for 33 gold pieces
  4264 | D:5      | Entered Level 5 of the Dungeon
  4264 | D:5      | Found a broken altar of Ashenzari.
  4447 | D:5      | Reached XP level 7. HP: 55/61 MP: 7/7
  4470 | D:5      | Found a sacrificial altar of Ru.
  4480 | D:5      | Reached skill level 8 in Maces & Flails
  4803 | D:5      | Found a staircase to the Ecumenical Temple.
  4812 | Temple   | Entered the Ecumenical Temple
  4895 | D:5      | Found a hazy altar of Hepliaklqana.
  4987 | D:5      | Reached skill level 9 in Maces & Flails
  5191 | D:5      | Upgraded the game from 0.27-a0-1140-g099f9bb0e8 to
                  | 0.27-a0-1147-gb3d8e82157
  5282 | D:6      | Reached XP level 8. HP: 54/68 MP: 8/8
  5421 | D:6      | Reached skill level 10 in Maces & Flails
  5753 | D:6      | Identified the +6 war axe of Rumovvur {vorpal, rCorr Str+3}
  5896 | D:6      | Reached skill level 1 in Axes
  6029 | D:6      | Found a blossoming altar of Fedhas.
  6035 | D:6      | Reached skill level 1 in Armour
  6035 | D:6      | Reached skill level 1 in Evocations
  6527 | D:7      | Noticed Maggie
  6541 | D:7      | Killed Maggie
  6553 | D:7      | Reached XP level 9. HP: 71/74 MP: 9/9
  6691 | D:7      | Noticed Dowan
  6692 | D:7      | Noticed Duvessa
  6703 | D:7      | Killed Duvessa
  6712 | D:7      | Killed Dowan
  6782 | D:7      | Found a shadowy altar of Dithmenos.
  7019 | D:7      | Reached skill level 5 in Axes
  7061 | D:7      | Found a hazy altar of Hepliaklqana.
  7284 | D:7      | Noticed Harold
  7298 | D:7      | Killed Harold
  7299 | D:7      | Reached skill level 5 in Armour
  7299 | D:7      | Reached skill level 5 in Evocations
  7303 | D:7      | Reached XP level 10. HP: 35/81 MP: 5/10
  7309 | D:7      | Found a bloodstained altar of Trog.
  8187 | D:8      | Paralysed by a hornet for 3 turns
  8191 | D:8      | Slain by a hornet

Illustrated notes

Levels and vault maps discovered:
D:1:      nagdon_arrival_double_spiral, layout_loops_ring,
          hellmonk_ecumenical_altar_arch_garden
D:2:      layout_basic, serial_bayou_pond_e, chequers_arboretum,
          item_on_display_a
D:3:      layout_rooms, nicolae_uskayaw_suspiria, lemuel_coloured_pillars_altar,
          marbit_many_paths, serial_shops, nicolae_shop_trees,
          nrook_loot_triangle, minmay_misc_feat_secret_circle, uniq_terence
D:4:      layout_cave_pools, uniq_eustachio, uniq_robin
D:5:      layout_rooms, lemuel_round_altar, minmay_temple_entry_purple_smoke,
          hangedman_feature_mirror, kennysheep_minor_cross,
          kennysheep_cluttered_room
D:6:      layout_cave_pods, fedhas_altar_1
D:7:      lemuel_ice_spiral_2, layout_rooms, trog_antimagical,
          lemuel_round_altar, lemuel_tele_altar, uniq_harold, uniq_duvessa,
          uniq_maggie
D:8:      layout_loops_cross, uniq_gastronok
Temple:   eino_wide_crystal_templ

Skill      XL: |  1  2  3  4  5  6  7  8  9 10 |
---------------+-------------------------------+-----
Fighting       | 4 5 |  5.0
Maces & Flails | 4 5 7 9 10 | 10.7
Axes           | 3 8 9 |  9.6
Armour         | 3 5 |  5.0
Evocations     | 2 5 |  5.0
Dodging        | |  2.4
Stealth        | |  1.5

Action                   |  1- 3 |  4- 6 |  7- 9 | 10-12 || total
-------------------------+-------+-------+-------+-------++-------
Melee: Mace              |   115 |       |       |       ||   115
       Dagger            |    11 |    56 |       |       ||    67
       Trident           |       |    86 |    91 |       ||   177
       War axe           |       |       |    76 |    42 ||   118
 Fire: Hunting sling     |       |    13 |       |       ||    13
Throw: Dart              |     4 |    31 |    14 |       ||    49
  Use: Scroll            |       |     3 |       |     4 ||     7
       Potion            |       |     1 |       |       ||     1
 Stab: Sleeping          |     2 |     1 |     1 |       ||     4
       Invisible         |       |     1 |       |       ||     1
       Distracted        |       |       |     1 |       ||     1
Armor: Robe              |    10 |       |       |       ||    10
       Scale mail        |    34 |    75 |       |       ||   109
       Leather armour    |       |    20 |    36 |       ||    56
       Ring mail         |       |       |    12 |       ||    12
       Acid dragon scale |       |       |    19 |    11 ||    30
Dodge: Dodged            |    61 |   112 |   111 |    14 ||   298

Table legend: (Time is in decaauts)
 A = Elapsed time spent in this place.
 B = Non-inter-level travel time spent in this place.
 C = Inter-level travel time spent in this place.
 D = Time resting spent in this place.
 E = Time spent auto-exploring this place.
 F = Levels seen in this place.
 G = Mean time per level.
                   A        B        C        D        E       F      G
               +--------+--------+--------+--------+--------+-----+--------+
         Total |   8288 |   7584 |    704 |   1954 |   3521 |   9 |  920.9 |
       Dungeon |   8176 |   7481 |    695 |   1954 |   3479 |   8 | 1022.0 |
        Temple |    112 |    103 |      9 |      0 |     42 |   1 |  112.0 |
               +--------+--------+--------+--------+--------+-----+--------+

Top non-repeatable levels by time:
     D:3: 1381 daAuts
     D:6: 1285 daAuts
     D:7: 1147 daAuts
     D:1: 1106 daAuts
     D:5: 1080 daAuts
     D:2: 1024 daAuts
     D:4: 843 daAuts
     D:8: 306 daAuts
  Temple: 112 daAuts
